 Dungeon Crawl Stone Soup version 0.29.1-12-g30fa7ad0bf (webtiles) character file.

Game seed: 1524243167163893372

57 hawla the Firebug (level 4, 0/33 HPs)
             Began as a Meteoran Fire Elementalist on Jan 10, 2023.
             Slain by a hound (5 damage)
             ... on level 3 of the Dungeon.
             The game lasted 00:03:47 (367 turns).

hawla the Firebug (Meteoran Fire Elementalist)       Turns: 367, Time: 00:03:47

Health: 0/33       AC:  4    Str:  8 (10) XL:     4   Next: 41%
Magic:  4/10       EV: 12    Int: 16 (18) God:
Gold:   31         SH:  0    Dex: 14      Spells: 7/10 levels left

rFire   . . .      SeeInvis .   (no weapon)
rCold   . . .      Faith    .   (no shield)
rNeg    . . .      Spirit   .   a - +1 robe
rPois   .          Reflect  .   (no helmet)
rElec   .          Harm     .   (no cloak)
rCorr   .          Rampage  .   (no gloves)
Will    .....                   e - +0 pair of boots
Stlth   +.........              (no amulet)
HPRegen 0.11/turn               (no ring)
MPRegen 0.12/turn               (no ring)

@: glowing
A: sense surroundings 1, otherworldly, glowing, explore regen
a: no special abilities


You were on level 3 of the Dungeon.
You visited 1 branch of the dungeon, and saw 4 of its levels.

You collected 31 gold pieces.

Inventory:

Armour
 a - a +1 robe (worn)
 e - a +0 pair of boots (worn)
Scrolls
 f - 2 scrolls of identify
Potions
 b - a potion of magic
 d - a potion of resistance {unknown}


   Skills:
 + Level 2.8 Dodging
 - Level 1.4 Stealth
 + Level 3.5 Spellcasting
 + Level 1.8 Conjurations
 + Level 4.7 Fire Magic


You had 7 spell levels left.
You knew the following spells:

 Your Spells              Type           Power      Damage    Failure   Level
a - Foxfire               Conj/Fire      52%        2x1d6     4%          1
b - Scorch                Fire           36%        2d7       3%          2

Your spell library contained the following spells:

 Spells                   Type           Power      Damage    Failure   Level
 Conjure Flame            Conj/Fire      13%        6-21      14%         3
 Inner Flame              Hex/Fire       10%        N/A       21%         3
 Flame Wave               Conj/Fire      13%        2d6       41%         4


Dungeon Overview and Level Annotations

Branches:
Dungeon (4/15) Zot: 2030
 Temple: D:4-7

Altars:

Annotations:
D:4 Dowan, Duvessa


Innate Abilities, Weirdness & Mutations

You passively map a small area around you.
You are easily found by Zot.
You glow in the dark.
You regain HP and MP as you explore.


Message History

Casting: Foxfire (safe; 5% risk of failure)
Confirm with . or Enter, or press ? or * to list all spells.
You conjure some foxfire!
The hound bites you. The hound misses you.
The endoplasm hits you but does no damage.
You hit the hound.
The hound is almost dead.
The foxfire hits the hound.
The hound is moderately wounded.
The foxfire hits the hound.
You kill the hound!
The hound bites you but does no damage. The endoplasm barely misses you.
The hound closely misses you.
You feel your dexterity returning.
You have reached level 4!
The hound attacks as you move away! The hound misses you. The hound bites you.
* * * LOW HITPOINT WARNING * * *
Casting: Foxfire (safe; 4% risk of failure)
Confirm with . or Enter, or press ? or * to list all spells.
You conjure some foxfire!
The hound misses you.
The foxfire hits the endoplasm.
The endoplasm is severely wounded.
The foxfire hits the hound.
The hound is moderately wounded.
The hound misses you.
Casting: Foxfire (safe; 4% risk of failure)
Confirm with . or Enter, or press ? or * to list all spells.
You conjure some foxfire!
The hound bites you.
* * * LOW HITPOINT WARNING * * *
The foxfire hits the endoplasm.
You kill the endoplasm!
You feel your intelligence returning.
Casting: Foxfire (safe; 4% risk of failure)
Confirm with . or Enter, or press ? or * to list all spells.
Flames lash the hound.
The hound is heavily wounded.
The hound's fire resistance burns away.
The foxfire hits the hound.
The hound is burned terribly!
The hound is severely wounded.
The hound closely misses you. The hound bites you.
You die...

* * ,.## ..#
##..# ##...
#########...
* ,
##...####..#
* , ,
##....###ยง.#
*
##....###.@#
*
#...#..##h.#
...##..#..##
, ..###....##
* ,..###...##
###### ,


You could see a hound (combustible).

Vanquished Creatures
  A hound (D:3)
  A worm (D:2)
  2 dart slugs
  An orc (D:4)
  2 endoplasms (D:3)
  A giant cockroach (D:4)
  2 goblins
  4 hobgoblins
  2 ball pythons
  A bat (D:2)
  A frilled lizard (D:3)
  A kobold (D:3)
19 creatures vanquished.

Vanquished Creatures (others)
  41 foxfires
41 creatures vanquished.

Grand Total: 60 creatures vanquished

Notes
Turn   | Place    | Note
-------+----------+-------------------------------------------
     0 | D:1      | hawla the Meteoran Fire Elementalist began the quest for
                  | the Orb.
     0 | D:1      | Reached XP level 1. HP: 14/14 MP: 5/5
    72 | D:1      | Reached XP level 2. HP: 20/20 MP: 3/6
    73 | D:1      | Reached skill level 4 in Fire Magic
    81 | D:1      | Learned a level 2 spell: Scorch
   186 | D:2      | Reached XP level 3. HP: 19/26 MP: 0/8
   294 | D:4      | Noticed Duvessa
   294 | D:4      | Noticed Dowan
   362 | D:3      | Reached XP level 4. HP: 11/33 MP: 6/10
   367 | D:3      | Slain by a hound

Illustrated notes

Levels and vault maps discovered:
D:1:      psy_arrival_conway, layout_basic, ebering_ecumenical_altar_ruins
D:2:      layout_basic
D:3:      layout_basic, hangedman_glass_teeth, minmay_distorted, uniq_natasha
D:4:      layout_rooms, grunt_temple_overflow_cloverleaf,
          minmay_temple_entry_hall, chequers_serial_rivers_large_a,
          serial_bayou_lake_a, uniq_duvessa

Skill      XL: |  1  2  3 |
---------------+----------+-----
Fire Magic     | 4 |  4.7
Spellcasting   | 3 |  3.5
Dodging        | |  2.8
Stealth        | |  1.4
Conjurations   | |  1.8

Action                   |  1- 3 |  4- 6 || total
-------------------------+-------+-------++-------
Melee: Unarmed           |    10 |       ||    10
 Cast: Foxfire           |    22 |     2 ||    24
       Scorch            |     6 |     1 ||     7
  Use: Scroll            |     5 |       ||     5
       Potion            |     1 |       ||     1
Armor: Robe              |    10 |       ||    10
Dodge: Dodged            |    42 |     4 ||    46
